 Dungeon Crawl Stone Soup version 0.30-a0-1123-gabc949cf19 (webtiles) character file.

Game seed: 2483839092913616997

42215 hikkokomori the Thaumaturge (level 14, -3/108 HPs)
             Began as a Gnoll Earth Elementalist on Apr 23, 2023.
             Was an Initiate of Gozag.
             Slain by a seven-headed hydra (13 damage)
             ... on level 5 of the Lair of Beasts.
             The game lasted 00:38:59 (15528 turns).

hikkokomori the Thaumaturge (GnEE)                 Turns: 15528, Time: 00:39:00

Health: -3/108     AC: 12    Str: 20    XL:     14   Next: 18%
Magic:  9/28       EV: 15    Int: 16    God:    Gozag
Gold:   2772       SH:  0    Dex:  9    Spells: 12/34 levels left

rFire   x . .        j - +5 woodcutter's axe
rCold   + . .        (shield currently unavailable)
rNeg    . . .        i - +2 robe of Hadjma {Regen+ Str+9 Dex-4}
rPois   .            R - +0 helmet
rElec   .            C - scarf {repulsion}
rCorr   .            G - +3 pair of gauntlets of War {Slay+5}
SInv    +            Q - +0 pair of boots
Will    +++..        n - amulet of regeneration
Stlth   ++++         B - ring of wizardry
HPRegen 1.98/turn    x - ring "Cyemn" {Ice Will++ SInv}
MPRegen 0.21/turn

%: repel missiles, wizardry (x1)
@: about to teleport, forested
A: fangs 1, strong nose, distributed training
a: Renounce Religion, Potion Petition, Call Merchant, Bribe Branch


You were on level 5 of the Lair of Beasts.
You worshipped Gozag.
Gozag was most pleased with you.
You visited 2 branches of the dungeon, and saw 16 of its levels.

You collected 4150 gold pieces.
You spent 733 gold pieces at shops.
You paid 645 gold pieces to Gozag.

Inventory:

Hand Weapons
 j - the +5 woodcutter's axe (weapon)
   (You found it on level 2 of the Dungeon)
 W - the +3 shortbow of Husare {antimagic, rN+}
   (You found it on level 4 of the Lair of Beasts)

   rN:        It protects you from negative energy.
Missiles
 g - 3 atropa-tipped darts
Armour
 d - a +2 robe of cold resistance
 i - the +2 robe of Hadjma (worn) {Regen+ Str+9 Dex-4}
   (You found it on level 2 of the Dungeon)

   Str:       It affects your strength (+9).
   Dex:       It affects your dexterity (-4).
   Regen:     It increases your rate of health regeneration.
 C - a scarf of repulsion (worn)
 G - the +3 pair of gauntlets of War (worn) {Slay+5}
   (You acquired it on level 8 of the Dungeon)

   Slay:      It affects your accuracy & damage with ranged weapons and melee
   (+5).
 Q - a +0 pair of boots (worn)
 R - a +0 helmet (worn)
Jewellery
 a - a ring of ice
 h - a +6 ring of strength
 n - an amulet of regeneration (around neck)
 o - an amulet of magic regeneration
 x - the ring "Cyemn" (right hand) {Ice Will++ SInv}
   (You bought it in a shop on level 5 of the Dungeon)

   [ring of ice]

   It enhances your ice magic.
   rF:        It makes you vulnerable to fire.
   rC:        It protects you from cold.
   SInv:      It lets you see invisible.
   Will:      It greatly increases your willpower.
 B - a ring of wizardry (left hand)
 I - a ring of magical power
 S - an amulet of the acrobat
 U - an amulet of reflection
Wands
 k - a wand of paralysis (19)
 p - a wand of flame (40)
 y - a wand of acid (2)
 D - a wand of mindburst (9)
 V - a wand of iceblast (1)
Scrolls
 e - a scroll of immolation
 f - 10 scrolls of vulnerability
 s - 2 scrolls of amnesia
 u - a scroll of summoning {unknown}
 w - 6 scrolls of teleportation
 E - 3 scrolls of blinking {unknown}
 H - 2 scrolls of brand weapon
 J - 3 scrolls of enchant weapon
 K - 3 scrolls of silence
 L - 3 scrolls of enchant armour
 M - 2 scrolls of identify
 N - 2 scrolls of fear
 T - 4 scrolls of fog
Potions
 b - a potion of magic
 c - 2 potions of lignification
 l - a potion of ambrosia
 m - 6 potions of brilliance
 q - 2 potions of heal wounds
 r - 4 potions of mutation
 t - 2 potions of berserk rage
 v - 4 potions of attraction
 z - 8 potions of curing
 A - 5 potions of might
 F - 4 potions of flight
 O - 3 potions of invisibility
 X - a potion of resistance {unknown}
Miscellaneous
 P - a phantom mirror


   Skills:
 + Level 9.3 Fighting
 + Level 9.3 Short Blades
 + Level 9.3 Long Blades
 + Level 9.3 Axes
 + Level 9.3 Maces & Flails
 + Level 9.3 Polearms
 + Level 9.3 Staves
 + Level 9.3 Ranged Weapons
 + Level 9.3 Throwing
 + Level 9.3 Armour
 + Level 10.4 Dodging
 + Level 10.2 Stealth
 + Level 9.3 Shields
 + Level 9.3 Unarmed Combat
 + Level 10.6 Spellcasting
 + Level 7.8 Conjurations
 + Level 7.8 Hexes
 + Level 7.8 Summonings
 + Level 7.8 Necromancy
 + Level 7.8 Translocations
 + Level 8.1 Transmutations
 + Level 7.8 Fire Magic
 + Level 7.8 Ice Magic
 + Level 7.8 Air Magic
 + Level 9.6 Earth Magic
 + Level 7.8 Poison Magic
 + Level 10.2 Invocations
 + Level 9.3 Evocations


You had 12 spell levels left.
You knew the following spells:

 Your Spells              Type           Power      Damage    Failure   Level
a - Sandblast             Erth           78%        2d17      1%          1
b - Passwall              Tmut/Erth      30%        N/A       1%          2
c - Stone Arrow           Conj/Erth      72%        3d11      1%          3
d - Ensorcelled Hibernat  Hex/Ice        100%       N/A       1%          2
e - Animate Armour        Summ/Erth      72%        N/A       1%          4
f - Summon Forest         Summ/Tloc      16%        N/A       4%          5
g - Summon Mana Viper     Hex/Summ       33%        N/A       4%          5

Your spell library contained the following spells:

 Spells                   Type           Power      Damage    Failure   Level
 Foxfire                  Conj/Fire      100%       2x1d9     1%          1
 Lesser Beckoning         Tloc           66%        N/A       1%          2
 Gell's Gravitas          Tloc           33%        N/A       1%          3
 Inner Flame              Hex/Fire       33%        N/A       1%          3
 Spider Form              Tmut/Pois      34%        N/A       1%          3
 Teleport Other           Tloc           33%        N/A       1%          3
 Anguish                  Hex/Necr       16%        N/A       1%          4
 Flame Wave               Conj/Fire      33%        2d10      1%          4
 Petrify                  Tmut/Erth      36%        N/A       1%          4
 Sticky Flame             Conj/Fire      33%        2d5       1%          4
 Blade Hands              Tmut           17%        N/A       3%          5
 Fireball                 Conj/Fire      16%        3d8       4%          5
 Iron Shot                Conj/Erth      18%        9d4       16%         6
 Eringya's Noxious Bog    Tmut/Pois      17%        N/A       21%         6
 Plasma Beam              Fire/Air       16%        2x1d30    21%         6
 Starburst                Conj/Fire      16%        6d6       21%         6
 Summon Cactus Giant      Summ           16%        N/A       21%         6
 Summon Hydra             Summ           16%        N/A       71%         7


Dungeon Overview and Level Annotations

Branches:
Dungeon (11/15)            Temple (0/1) D:7            Lair (5/5) D:10
  Swamp (0/4) Lair:2        Snake (0/4) Lair:3        Slime (0/5) Lair:4
    Orc: D:9-12

Altars:
Ashenzari
Cheibriados
Elyvilon
Fedhas
Gozag
Kikubaaqudgha
Ru
Xom
Zin
The Shining One

Shops:
D:3 (   D:4 :   D:5 =   D:8 ?   Lair:1 *


Innate Abilities, Weirdness & Mutations

You have very sharp teeth.
Your uncanny sense of smell can sniff out nearby items.
Your experience applies equally to all skills.


Message History

The seven-headed hydra completely misses you.
The seven-headed hydra misses you. The seven-headed hydra bites you.
The seven-headed hydra bites you but does no damage.
Unknown command.
As you read the scroll of teleportation, it crumbles to dust.
You feel strangely unstable. The catoblepas completely misses you.
The seven-headed hydra bites you but does no damage. x3
The seven-headed hydra bites you.
The seven-headed hydra closely misses you.
The seven-headed hydra bites you but does no damage.
The seven-headed hydra closely misses you.
The death yak gores the plant!
The plant begins to die.
Unknown command.
Unknown command.
Unknown command.
Unknown command.
Casting: Stone Arrow (safe; 1% risk of failure)
Confirm with . or Enter, or press ? or * to list all spells.
Aiming: Ensorcelled Hibernation (safe; 1% risk of failure)
Press: ? - help, Shift-Dir - straight line, f - catoblepas, p - seven-headed hydra
Aim: a catoblepas (almost dead, inner flame, chance to affect: 10%)
Okay, then.
The catoblepas breathes a plume of calcifying dust at you.
The blast of calcifying dust hits the seven-headed hydra!
Flame seeps out of the seven-headed hydra.
The blast of calcifying dust hits you.
Unknown command.
Unknown command.
The seven-headed hydra attacks as you move away!
The seven-headed hydra bites you!
* * * LOW HITPOINT WARNING * * *
The seven-headed hydra barely misses you.
The seven-headed hydra bites you but does no damage.
The seven-headed hydra bites you!
* * * LOW HITPOINT WARNING * * *
The seven-headed hydra bites you!
* * * LOW HITPOINT WARNING * * *
The seven-headed hydra misses you. The seven-headed hydra bites you!
You die...
Your body crumbles into a pile of gold.

###### ##P.P.#♣♣♣###
### ##...YD@....P##
###.P##..$.Y.....÷.P##
#.......#######......##
##...$### ∆ ###.....#
#....÷......∆ ###...##
##..÷.....D. ###..##
#.#......#. ##..##
#.##...### ∆ #...# #.
#..Y ∆ ##..#


You could see a death yak (inner flame), a catoblepas (inner flame) and a
seven-headed hydra (inner flame).

Vanquished Creatures
  Fannar (Lair:1)
  2 hydras
  A catoblepas (Lair:5)
  5 two-headed ogres
  3 death yaks
  A skyshark (Lair:3)
  A lindwurm (Lair:2)
  An ugly thing (D:11)
  A cyclops (D:11)
  2 black mambas
  7 elephants (Lair:3)
  3 rime drakes
  Maggie (D:6)
  An unseen horror (D:11)
  2 cane toads
  6 komodo dragons
  A troll (D:10)
  4 polar bears
  11 blink frogs
  A shadow (D:10)
  17 yaks
  A wraith (D:9)
  2 wyverns
  2 water elementals (D:11)
  4 steam dragons
  2 vampire mosquitoes (D:11)
  A swamp worm (Lair:2)
  Edmund (D:5)
  An acid dragon (D:11)
  A naga (Lair:3)
  8 water moccasins
  A nameless horror (Lair:3)
  2 ice beasts
  2 black bears
  2 ogres
  5 wolves
  2 centaurs
  7 bullfrogs
  A gnoll sergeant (D:10)
  4 scorpions
  A hornet simulacrum (D:11)
  13 killer bees
  6 howler monkeys
  5 electric eels (D:8)
  5 hounds
  2 jellies
  6 orc priests
  4 iguanas
  A gnoll bouda (D:4)
  3 sleepcaps
  Ijyb (D:3)
  12 orc wizards
  15 gnolls
  11 adders
  2 shadow imps
  2 white imps
  3 worms
  A dart slug (D:4)
  23 orcs
  10 ball pythons
  5 endoplasms
  3 giant cockroaches
  12 goblins
  11 hobgoblins
  7 kobolds
  3 quokkas (D:1)
  4 bats
  4 frilled lizards
  5 rats
301 creatures vanquished.

Vanquished Creatures (collateral kills)
  4 hydras
  A two-headed ogre (D:10)
  3 death yaks
  A cyclops (D:11)
  A manticore (D:11)
  10 elephants
  A gargoyle (D:11)
  A cane toad (Lair:2)
  2 komodo dragons
  A rime drake (Lair:5)
  3 polar bears
  9 blink frogs (Lair:5)
  2 water elementals (D:11)
  A wyvern (D:10)
  2 yaks (Lair:5)
  A basilisk (Lair:5)
  A swamp worm (Lair:2)
  A vampire mosquito (D:11)
  2 nagas (Lair:3)
  2 water moccasins
  2 wolves (Lair:5)
  A gnoll sergeant (D:11)
52 creatures vanquished.

Vanquished Creatures (others)
  A black mamba (Lair:5)
  26 fungi
  91 plants
  5 snaplasher vines
123 creatures vanquished.

Grand Total: 476 creatures vanquished

Notes
Turn   | Place    | Note
-------+----------+-------------------------------------------
     0 | D:1      | hikkokomori the Gnoll Earth Elementalist began the quest
                  | for the Orb.
     0 | D:1      | Reached XP level 1. HP: 13/13 MP: 6/6
    21 | D:1      | Noticed a floating eye
    22 | D:1      | Found a faded altar of an unknown god.
    32 | D:1      | Noticed a golden eye
    43 | D:1      | Noticed a floating eye
    43 | D:1      | Noticed a golden eye
   160 | D:1      | Reached XP level 2. HP: 19/19 MP: 5/7
   503 | D:1      | Reached skill level 5 in Spellcasting
   503 | D:1      | Reached XP level 3. HP: 25/25 MP: 6/9
   716 | D:1      | Found a shimmering altar of Xom.
   839 | D:2      | Identified the +2 robe of Hadjma {Regen+ Str+9 Dex-4}
   875 | D:2      | Reached skill level 1 in Invocations
   917 | D:2      | Learned a level 2 spell: Passwall
   925 | D:2      | Learned a level 3 spell: Stone Arrow
   928 | D:2      | Learned a level 2 spell: Ensorcelled Hibernation
   944 | D:2      | Found an opulent altar of Gozag.
   957 | D:2      | Found the +5 woodcutter's axe
   989 | D:2      | Became a worshipper of Gozag Ym Sagoz the Greedy
  1055 | D:2      | Reached skill level 1 in Fighting
  1055 | D:2      | Reached skill level 1 in Short Blades
  1055 | D:2      | Reached skill level 1 in Long Blades
  1055 | D:2      | Reached skill level 1 in Axes
  1055 | D:2      | Reached skill level 1 in Maces & Flails
  1055 | D:2      | Reached skill level 1 in Polearms
  1055 | D:2      | Reached skill level 1 in Staves
  1055 | D:2      | Reached skill level 1 in Ranged Weapons
  1055 | D:2      | Reached skill level 1 in Throwing
  1055 | D:2      | Reached skill level 1 in Armour
  1055 | D:2      | Reached skill level 1 in Shields
  1055 | D:2      | Reached skill level 1 in Unarmed Combat
  1055 | D:2      | Reached skill level 1 in Evocations
  1186 | D:2      | Reached XP level 4. HP: 31/32 MP: 7/11
  1204 | D:2      | Reached skill level 1 in Conjurations
  1204 | D:2      | Reached skill level 1 in Hexes
  1204 | D:2      | Reached skill level 1 in Summonings
  1204 | D:2      | Reached skill level 1 in Necromancy
  1204 | D:2      | Reached skill level 1 in Translocations
  1204 | D:2      | Reached skill level 1 in Fire Magic
  1204 | D:2      | Reached skill level 1 in Ice Magic
  1204 | D:2      | Reached skill level 1 in Air Magic
  1204 | D:2      | Reached skill level 1 in Poison Magic
  1475 | D:3      | Found a white marble altar of Elyvilon.
  1515 | D:3      | Found Bylaneg's Weapon Emporium.
  1550 | D:3      | Noticed Ijyb
  1561 | D:3      | Killed Ijyb
  1562 | D:3      | Reached XP level 5. HP: 20/37 MP: 10/12
  2311 | D:4      | Found Purhik's Self-Improvement Boutique.
  2607 | D:4      | Reached XP level 6. HP: 44/44 MP: 11/13
  2621 | D:4      | Reached skill level 5 in Dodging
  2855 | D:5      | Entered Level 5 of the Dungeon
  2882 | D:5      | Noticed Edmund
  2895 | D:5      | Reached XP level 7. HP: 24/50 MP: 8/15
  2931 | D:5      | Killed Edmund
  2934 | D:5      | Reached skill level 5 in Stealth
  3199 | D:5      | Reached XP level 8. HP: 47/58 MP: 16/16
  3436 | D:5      | Found Jauden's One-of-a-Kind Rings.
  3450 | D:5      | Bought the ring "Cyemn" {Ice Will++ SInv} for 552 gold
                  | pieces
  3953 | D:6      | Found a shimmering altar of Xom.
  4047 | D:6      | Noticed Maggie
  4050 | D:6      | Reached XP level 9. HP: 65/65 MP: 15/18
  4055 | D:6      | Killed Maggie
  4325 | D:6      | Found a glowing golden altar of the Shining One.
  4332 | D:6      | Found a sacrificial altar of Ru.
  4332 | D:6      | Found a glowing silver altar of Zin.
  4333 | D:6      | Found a blossoming altar of Fedhas.
  4336 | D:6      | Found a snail-covered altar of Cheibriados.
  4337 | D:6      | Found an ancient bone altar of Kikubaaqudgha.
  4571 | D:7      | Found a staircase to the Ecumenical Temple.
  4999 | D:7      | Reached skill level 5 in Invocations
  5732 | D:8      | Noticed a two-headed ogre
  5886 | D:8      | Killed a two-headed ogre
  5887 | D:8      | Reached skill level 5 in Fighting
  5887 | D:8      | Reached skill level 5 in Short Blades
  5887 | D:8      | Reached skill level 5 in Long Blades
  5887 | D:8      | Reached skill level 5 in Axes
  5887 | D:8      | Reached skill level 5 in Maces & Flails
  5887 | D:8      | Reached skill level 5 in Polearms
  5887 | D:8      | Reached skill level 5 in Staves
  5887 | D:8      | Reached skill level 5 in Ranged Weapons
  5887 | D:8      | Reached skill level 5 in Throwing
  5887 | D:8      | Reached skill level 5 in Armour
  5887 | D:8      | Reached skill level 5 in Shields
  5887 | D:8      | Reached skill level 5 in Unarmed Combat
  5887 | D:8      | Reached skill level 5 in Evocations
  5887 | D:8      | Reached XP level 10. HP: 33/74 MP: 1/20
  6200 | D:7      | Reached skill level 5 in Transmutations
  6284 | D:8      | Found Sesiul's Magic Scroll Emporium.
  6293 | D:8      | Bought a scroll of amnesia for 44 gold pieces
  6293 | D:8      | Bought a scroll of teleportation for 33 gold pieces
  6293 | D:8      | Bought a scroll of identify for 22 gold pieces
  6293 | D:8      | Bought a scroll of enchant armour for 82 gold pieces
  6294 | D:8      | Identified a scroll of acquirement
  6294 | D:8      | Acquired the +3 pair of gauntlets of War {Slay+5}
  6294 | D:8      | Found the +3 pair of gauntlets of War {Slay+5}
  7419 | D:9      | Noticed a two-headed ogre
  7425 | D:9      | Killed a two-headed ogre
  7752 | D:9      | Reached skill level 5 in Conjurations
  7752 | D:9      | Reached skill level 5 in Hexes
  7752 | D:9      | Reached skill level 5 in Summonings
  7752 | D:9      | Reached skill level 5 in Necromancy
  7752 | D:9      | Reached skill level 5 in Translocations
  7752 | D:9      | Reached skill level 5 in Fire Magic
  7752 | D:9      | Reached skill level 5 in Ice Magic
  7752 | D:9      | Reached skill level 5 in Air Magic
  7752 | D:9      | Reached skill level 5 in Poison Magic
  7752 | D:9      | Reached XP level 11. HP: 81/81 MP: 22/22
  7841 | D:10     | Entered Level 10 of the Dungeon
  7841 | D:10     | Noticed a two-headed ogre
  7848 | D:10     | Killed a two-headed ogre
  7920 | D:10     | Found a broken altar of Ashenzari.
  8150 | D:10     | Found a staircase to the Lair.
  8243 | D:10     | Noticed a two-headed ogre
  8253 | D:10     | Killed a two-headed ogre
  8489 | D:10     | Noticed a two-headed ogre
  8499 | D:10     | Killed a two-headed ogre
  8735 | Lair:1   | Entered Level 1 of the Lair of Beasts
  8849 | Lair:1   | Noticed Fannar
  8905 | Lair:1   | Killed Fannar
  9513 | Lair:1   | Reached XP level 12. HP: 50/91 MP: 24/24
  9582 | Lair:1   | Identified the +1 scale mail of Binum {+Blink rF- rC+
                  | Int+5}
  9786 | Lair:1   | Learned a level 4 spell: Animate Armour
  9899 | Lair:1   | Learned a level 5 spell: Summon Forest
  9905 | Lair:1   | Learned a level 5 spell: Summon Mana Viper
 10287 | Lair:2   | Noticed a death yak
 10287 | Lair:2   | Noticed a death yak
 10290 | Lair:2   | Noticed a death yak
 10293 | Lair:2   | Noticed a death yak
 10300 | Lair:2   | Killed a death yak
 10394 | Lair:1   | Killed a death yak
 10645 | Lair:2   | Killed a death yak
 10647 | Lair:2   | Killed a death yak
 10805 | Lair:2   | Noticed a six-headed hydra
 10814 | Lair:2   | Killed a six-headed hydra
 10825 | Lair:2   | Noticed a seven-headed hydra
 10829 | Lair:2   | Killed a seven-headed hydra
 10982 | Lair:2   | Found a staircase to the Swamp.
 11545 | Lair:3   | Reached XP level 13. HP: 67/98 MP: 26/26
 11929 | Lair:3   | Found a staircase to the Snake Pit.
 13172 | D:11     | Reached skill level 10 in Spellcasting
 14036 | Lair:4   | Identified the +3 shortbow of Husare {antimagic, rN+}
 14110 | Lair:4   | Found a staircase to the Slime Pits.
 14315 | Lair:4   | Identified the +12 whip of Jaohouse {speed, Str+6 Int-4}
 14421 | Lair:5   | Entered Level 5 of the Lair of Beasts
 14472 | Lair:5   | Reached skill level 10 in Dodging
 14488 | Lair:5   | Reached skill level 10 in Stealth
 14793 | Lair:5   | Reached XP level 14. HP: 104/108 MP: 18/28
 14836 | Lair:5   | Reached skill level 10 in Invocations
 15528 | Lair:5   | Slain by a seven-headed hydra

Illustrated notes

Levels and vault maps discovered:
D:1:      sevenhm_arrival_forest_fort_small_6, layout_loops_ring,
          hellmonk_ecumenical_altar_watching_god
D:2:      layout_rooms, basic_altar, minmay_randomly_rotated_circles
D:3:      layout_basic, mainiacjoe_overflow_cross_hatched, serial_shops,
          nicolae_shop_bloodbath_and_beyond, serial_aquarium,
          aquarium_bridge_square [aquarium_subvault_bridge,
          aquarium_subvault_window, aquarium_subvault_bridge,
          aquarium_subvault_window], aquarium_bridge_square
          [aquarium_subvault_balcony, aquarium_subvault_bridge,
          aquarium_subvault_wall, aquarium_subvault_wall], aquarium_window_fake,
          aquarium_window_fake, aquarium_window_fake, aquarium_view_2c,
          aquarium_balcony_3a, uniq_ijyb
D:4:      layout_basic, nicolae_shop_self_help
D:5:      layout_gridville, nicolae_shop_unique_rings,
          nicolae_elevator_lobby_asterisk, uniq_edmund
D:6:      minmay_flawed_box, layout_loops_ring, minitemple,
          mainiacjoe_overflow_six_doors_small, columned_hall_lemuel, uniq_maggie
D:7:      layout_loops_ring, minmay_temple_entry_glassed_door,
          kennysheep_small_square
D:8:      layout_layer_cave, serial_shops, shop_statue, serial_bayou,
          serial_bayou_shore_b, serial_bayou_pond_b, serial_bayou_lagoon_a,
          serial_bayou_pond_c, serial_bayou_pond_d, serial_bayou_ford_a
D:9:      layout_loops_ring
D:10:     layout_big_octagon, nicolae_ashenzari_panopticon, lair_entry_dummy
D:11:     layout_gridville, nicolae_underground_beach
Lair:1:   layout_cave_pods, uniq_fannar
Lair:2:   layout_small_grid, palyth_hydra_swamp_entry,
          cheibrodos_lair_lostbears, infiniplex_staircase_pool
Lair:3:   layout_roguey, nicolae_snake_entry_squirm
Lair:4:   layout_misc_corridors, slime_entry_1, serial_bayou_shore_b
Lair:5:   grunt_lair_end_beastmaster, layout_loops_ring, serial_bayou_shore_b

Skill      XL: |  1  2  3  4  5  6  7  8  9 10 11 12 13 14 |
---------------+-------------------------------------------+-----
Transmutations | 2 3 4 5 6 7 8 |  8.1
Spellcasting   | 5 6 7 8 9 10 | 10.6
Invocations    | 1 2 3 4 5 6 7 8 9 10 | 10.2
Fighting       | 1 2 3 5 6 7 8 9 |  9.3
Short Blades   | 1 2 3 5 6 7 8 9 |  9.3
Long Blades    | 1 2 3 5 6 7 8 9 |  9.3
Axes           | 1 2 3 5 6 7 8 9 |  9.3
Maces & Flails | 1 2 3 5 6 7 8 9 |  9.3
Polearms       | 1 2 3 5 6 7 8 9 |  9.3
Staves         | 1 2 3 5 6 7 8 9 |  9.3
Ranged Weapons | 1 2 3 5 6 7 8 9 |  9.3
Throwing       | 1 2 3 5 6 7 8 9 |  9.3
Armour         | 1 2 3 5 6 7 8 9 |  9.3
Shields        | 1 2 3 5 6 7 8 9 |  9.3
Unarmed Combat | 1 2 3 5 6 7 8 9 |  9.3
Evocations     | 1 2 3 5 6 7 8 9 |  9.3
Conjurations   | 1 2 3 4 5 6 7 |  7.8
Hexes          | 1 2 3 4 5 6 7 |  7.8
Summonings     | 1 2 3 4 5 6 7 |  7.8
Necromancy     | 1 2 3 4 5 6 7 |  7.8
Translocations | 1 2 3 4 5 6 7 |  7.8
Fire Magic     | 1 2 3 4 5 6 7 |  7.8
Ice Magic      | 1 2 3 4 5 6 7 |  7.8
Air Magic      | 1 2 3 4 5 6 7 |  7.8
Poison Magic   | 1 2 3 4 5 6 7 |  7.8
Dodging        | 5 6 7 8 9 10 | 10.4
Stealth        | 5 6 7 8 9 10 | 10.2
Earth Magic    | 6 7 8 9 |  9.6

Action                     |  1- 3 |  4- 6 |  7- 9 | 10-12 | 13-15 || total
---------------------------+-------+-------+-------+-------+-------++-------
  Melee: Unarmed           |     1 |       |       |       |       ||     1
         Battleaxe         |    19 |    93 |   116 |   302 |   129 ||   659
         Bite              |     1 |     5 |    10 |    38 |    23 ||    77
  Throw: Throwing net      |       |       |       |     1 |       ||     1
   Cast: Sandblast         |    36 |    18 |    66 |    28 |    19 ||   167
         Stone Arrow       |       |     1 |    21 |    55 |    25 ||   102
         Ensorcelled Hiber |       |     1 |     7 |     1 |       ||     9
         Summon Mana Viper |       |       |       |     9 |    27 ||    36
         Summon Forest     |       |       |       |     5 |     8 ||    13
         Animate Armour    |       |       |       |     2 |       ||     2
 Invoke: Call Merchant     |       |       |       |     1 |       ||     1
  Evoke: Wand              |       |     2 |       |     9 |     4 ||    15
         Phantom mirror    |       |       |       |     2 |       ||     2
    Use: Scroll            |       |     4 |    11 |     5 |     4 ||    24
         Potion            |       |       |     2 |     3 |       ||     5
   Stab: Sleeping          |     3 |     7 |     5 |     5 |     6 ||    26
         Distracted        |       |     1 |     1 |     4 |       ||     6
         Paralysed         |       |       |       |     1 |       ||     1
         Petrified         |       |       |       |       |     2 ||     2
 Armour: Robe              |     9 |    32 |    22 |   106 |    79 ||   248
  Dodge: Dodged            |    15 |    70 |    87 |   229 |   157 ||   558
         Repelled          |       |       |     1 |     4 |     4 ||     9

Table legend: (Time is in decaauts)
 A = Elapsed time spent in this place.
 B = Non-inter-level travel time spent in this place.
 C = Inter-level travel time spent in this place.
 D = Time resting spent in this place.
 E = Time spent auto-exploring this place.
 F = Levels seen in this place.
 G = Mean time per level.
                   A        B        C        D        E       F      G
               +--------+--------+--------+--------+--------+-----+--------+
         Total |  15665 |  14975 |    690 |    694 |  11217 |  16 |  979.1 |
       Dungeon |   9978 |   9578 |    400 |    210 |   7453 |  11 |  907.1 |
          Lair |   5686 |   5396 |    290 |    484 |   3764 |   5 | 1137.2 |
               +--------+--------+--------+--------+--------+-----+--------+

Top non-repeatable levels by time:
     D:8: 1640 daAuts
  Lair:1: 1509 daAuts
  Lair:2: 1285 daAuts
     D:7: 1133 daAuts
  Lair:3: 1080 daAuts
     D:6: 1009 daAuts
    D:11: 965 daAuts
    D:10: 950 daAuts
  Lair:5: 914 daAuts
     D:3: 902 daAuts
  Lair:4: 897 daAuts
     D:1: 823 daAuts
     D:5: 745 daAuts
     D:9: 655 daAuts
     D:2: 592 daAuts
